 Dungeon Crawl Stone Soup version 0.30.1-11-g7821555f0a (webtiles) character file.

Game seed: 13103787300227292447

142 fireball365 the Covered (level 5, -3/46 HPs)
             Began as a Hill Orc Fighter on Dec 10, 2023.
             Killed by nerve-wracking pain
             ... invoked by an orc priest
              (12 damage)
             ... on level 3 of the Dungeon.
             The game lasted 00:03:41 (2609 turns).

fireball365 the Covered (Hill Orc Fighter)          Turns: 2609, Time: 00:03:41

Health: -3/46      AC: 10    Str: 21    XL:     5   Next: 24%
Magic:  5/5        EV:  9    Int:  8    God:
Gold:   134        SH:  5    Dex: 10    Spells: 4/4 levels left

rFire   . . .        a - +0 war axe (spect)
rCold   . . .        c - +1 buckler
rNeg    . . .        b - +0 scale mail
rPois   .            (no helmet)
rElec   .            i - +0 cloak
rCorr   .            (no gloves)
SInv    .            l - +1 pair of boots
Will    .....        (no amulet) Stlth
                     (no ring)
HPRegen 0.27/turn    (no ring)
MPRegen 0.09/turn

%: no passive effects
@: no status effects
A: no striking features
a: Convert to Beogh


You were on level 3 of the Dungeon.
You visited 1 branch of the dungeon, and saw 3 of its levels.

You collected 134 gold pieces.

Inventory:

Hand Weapons
 a - a +0 spectral war axe (weapon)
Missiles
 j - 6 poisoned darts (quivered)
Armour
 b - a +0 scale mail (worn)
 c - a +1 buckler (worn)
 i - a +0 cloak (worn)
 l - a +1 pair of boots (worn)
Jewellery
 g - an amulet of magic regeneration
Scrolls
 h - 2 scrolls of identify {unknown}
 m - a scroll of poison {unknown}
 o - a scroll of teleportation
 r - a scroll of butterflies {unknown}
Potions
 d - 2 potions of might
 e - 2 potions of magic {unknown}
 f - 2 potions of lignification {unknown}
 k - a potion of curing {unknown}
 n - 2 potions of brilliance {unknown}
 p - a potion of heal wounds {unknown}
 q - a potion of attraction {unknown}
 s - a potion of cancellation {unknown}
 t - a potion of haste {unknown}


   Skills:
 + Level 4.2 Fighting
 + Level 4.3 Axes
 + Level 4.4 Armour
 + Level 1.0 Dodging
 + Level 3.8 Shields


You had 4 spell levels left.
You didn't know any spells.
Your spell library contained the following spells:

 Spells                   Type           Power      Damage    Failure   Level
 Freeze                   Ice            0%         1d3       80%         1
 Shock                    Conj/Air       0%         1d3       80%         1
 Cigotuvi's Dreadful Rot  Necr/Pois/Air  0%         N/A       91%         2
 Frozen Ramparts          Ice            0%         1d1       99%         3
 Hailstorm                Conj/Ice       0%         3d3       99%         3
 Inner Flame              Hex/Fire       0%         N/A       99%         3
 Swiftness                Air            0%         N/A       99%         3
 Airstrike                Air            0%         2d(0-16)  100%        4
 Animate Dead             Necr           0%         N/A       100%        4
 Dispel Undead            Necr           0%         3d6       100%        4
 Flame Wave               Conj/Fire      0%         2d4       100%        4
 Sticky Flame             Conj/Fire      0%         2d3       100%        4
 Death Channel            Necr           0%         N/A       100%        6
 Haunt                    Necr/Summ      0%         N/A       100%        7
 Infestation              Necr           0%         N/A       100%        8


Dungeon Overview and Level Annotations

Branches:
Dungeon (3/15)

Altars:
Uskayaw
Wu Jian


Message History

The orc hits you but does no damage.
You slash the orc!
You kill the orc!
An orc priest comes into view. It is wielding a +0 short sword.
The orc priest shouts, "Surrender to Beogh and we'll let you live!" (press Y on the ability menu to convert to Beogh)
The orc priest shouts!
You hear a shout!
The orc priest mumbles some strange prayers to Beogh against you.
Beogh smites you!
You see here a +0 mace.
You barely miss the orc priest. The orc priest barely misses you.
You closely miss the orc priest. You block the orc priest's attack.
You barely miss the orc priest.
The orc priest hits you but does no damage. x2
You hit the orc priest but do no damage.
An orc priest comes into view. It is wielding a +0 club.
You block the orc priest's attack.
You closely miss the orc priest.
The orc priest shouts, "Join the one true god or die!"
The orc priest hits you with a +0 short sword.
You closely miss the orc priest. The orc priest barely misses you.
The orc priest invokes the aid of Beogh against you.
Beogh smites you!
The orc priest hits you but does no damage.
You closely miss the orc priest.
The orc priest invokes the aid of Beogh against you.
Beogh smites you!
* * * LOW HITPOINT WARNING * * *
The orc priest shouts, "Join the one true god or die!"
The orc priest hits you with a +0 short sword.
* * * LOW HITPOINT WARNING * * *
You barely miss the orc priest.
The orc priest threatens, "By the altar or by the axe, you will meet Beogh!"
The orc priest hits you but does no damage.
You slash the orc priest!
You kill the orc priest!
The orc priest shouts, "Beogh is our master!
Accept the truth or die!"
The orc priest invokes the aid of Beogh against you.
Pain shoots through your body!
You die...

##.≈#≈.≈#≈#
#..≈#≈_≈#≈#
#..≈#≈≈≈#≈#
#.#≈#####≈#
#.#≈≈≈ ≈≈#
#.##### ##.# #
...# #######.#
#### #....@)o#
#.####### #.#
#.# #.#
############.#
.......).....#
##############


You could see an orc priest.

Vanquished Creatures
  An orc priest (D:3)
  A sleepcap (D:3)
  An orc wizard (D:3)
  An adder (D:3)
  A worm (D:2)
  2 dart slugs (D:1)
  7 orcs (D:3)
  8 ball pythons
  4 endoplasms
  3 giant cockroaches
  3 goblins
  4 hobgoblins
  8 jackals
  6 quokkas
  4 bats
  2 frilled lizards (D:2)
  2 kobolds (D:1)
  3 rats
61 creatures vanquished.

Notes
Turn   | Place    | Note
-------+----------+-------------------------------------------
     0 | D:1      | fireball365 the Hill Orc Fighter began the quest for the
                  | Orb.
     0 | D:1      | Reached XP level 1. HP: 19/19 MP: 1/1
   141 | D:1      | Reached XP level 2. HP: 27/27 MP: 2/2
   448 | D:1      | Reached XP level 3. HP: 31/33 MP: 3/3
   940 | D:2      | Found a faded altar of an unknown god.
  1799 | D:3      | Reached XP level 4. HP: 26/40 MP: 4/4
  1936 | D:3      | Found an ornate altar of the Wu Jian Council.
  1936 | D:3      | Found a hide-covered altar of Uskayaw.
  2510 | D:3      | Reached skill level 1 in Dodging
  2510 | D:3      | Reached XP level 5. HP: 44/46 MP: 5/5
  2609 | D:3      | Killed from afar by an orc priest

Illustrated notes

Levels and vault maps discovered:
D:1:      nagdon_arrival_double_spiral, layout_loops_ring,
          chequers_hall_statues_wall_a
D:2:      layout_basic, hellmonk_ecumenical_altar_zigzags
D:3:      layout_basic, nicolae_overflow_two_pavilions

Skill      XL: |  1  2  3  4 |
---------------+-------------+-----
Axes           | 3 4 |  4.3
Fighting       | 4 |  4.2
Armour         | 4 |  4.4
Dodging        | 1 |  1.0
Shields        | |  3.8

Action                     |  1- 3 |  4- 6 || total
---------------------------+-------+-------++-------
  Melee: War axe           |   105 |    47 ||   152
    Use: Scroll            |     3 |       ||     3
 Armour: Scale mail        |    54 |    31 ||    85
  Dodge: Dodged            |    80 |    22 ||   102
  Block: Buckler           |    47 |    12 ||    59
